 Dungeon Crawl Stone Soup version 0.31-a0-699-g830162fb6c (webtiles) character file.

Game seed: 12324651882207160977

618 qw the Shooter (level 7, -5/44 HPs)
             Began as a Gargoyle Hunter on Sept 7, 2023.
             Was an Initiate of Okawaru.
             Slain by an orc warrior
             ... wielding a +0 trident
              (6 damage)
             ... on level 6 of the Dungeon.
             The game lasted 00:01:54 (4615 turns).

qw the Shooter (Gargoyle Hunter)                    Turns: 4615, Time: 00:01:54

Health: -5/44      AC: 11    Str: 14    XL:     7   Next: 45%
Magic:  7/7        EV: 11    Int: 10    God:    Okawaru [......]
Gold:   130        SH:  0    Dex: 15    Spells: 6/6 levels left

rFire   + + .        Y - +0 shortbow
rCold   . . .        (shield currently unavailable)
rNeg    + . .        f - +0 ring mail
rPois   inf          h - +0 helmet
rElec   +            (no cloak)
rCorr   .            (no gloves)
SInv    .            (no boots)
Will    .....        (no amulet)
Stlth   +            j - ring of protection from fire
HPRegen 0.27/turn    p - ring of protection from fire
MPRegen 0.10/turn

%: no passive effects
@: about to teleport
A: sickness immunity, AC +4, negative energy resistance 1, electricity
resistance, torment resistance 1, petrification resistance
a: Renounce Religion


You were on level 6 of the Dungeon.
You worshipped Okawaru.
Okawaru was noncommittal.
You visited 2 branches of the dungeon, and saw 7 of its levels.

You collected 226 gold pieces.
You spent 96 gold pieces at shops.


Innate Abilities, Weirdness & Mutations

You are immune to sickness and miasma.
Your stone body is resilient. (AC +4)
You are immune to poison.
You resist negative energy. (rN+)
You are resistant to electric shocks. (rElec)
You are resistant to unholy torment.
You are immune to petrification.


   Skills:
 - Level 4.3 Fighting
 + Level 7.9 Ranged Weapons
 - Level 1.4 Armour
 - Level 1.5 Dodging
 - Level 1.1 Stealth


You had 6 spell levels left.
You didn't know any spells.
Your spell library was empty.

Inventory:

Hand Weapons
 Y - a +0 shortbow (weapon)
Armour
 f - a +0 ring mail (worn)
 h - a +0 helmet (worn)
Jewellery
 d - an amulet of magic regeneration
 j - a ring of protection from fire (left hand)
 p - a ring of protection from fire (right hand)
Scrolls
 e - a scroll of teleportation
 l - a scroll of identify
Potions
 a - a potion of resistance
 b - a potion of cancellation
 c - 3 potions of might
 i - a potion of heal wounds {unknown}
 k - 2 potions of haste
 m - a potion of brilliance {unknown}
 n - 3 potions of curing
 o - a potion of enlightenment

Dungeon Overview and Level Annotations

Branches:
Dungeon (6/15)             Temple (1/1) D:5

Altars:
Ashenzari
Cheibriados
Elyvilon
Hepliaklqana
Makhleb
Okawaru
Trog
Uskayaw
Vehumet
Wu Jian
Xom

Shops:
D:3 :!


Message History

There is an open door here.
You open the door.
An orc warrior and a black bear come into view.
The black bear growls angrily.
Found 17 gold pieces.
You shoot an arrow. The arrow barely misses the black bear.
You shoot an arrow. The arrow hits the black bear.
The black bear is moderately wounded.
You shoot an arrow. The arrow hits the black bear!
The black bear is heavily wounded.
The black bear bites you.
The black bear claws you but does no damage.
The black bear claws you.
The orc warrior hits you from afar with a +0 trident!
You shoot an arrow. The arrow hits the black bear.
The black bear is heavily wounded.
The black bear completely misses you. The black bear claws you.
The black bear claws you but does no damage.
The orc warrior completely misses you.
You shoot an arrow. The arrow barely misses the black bear.
The arrow barely misses the orc warrior.
The black bear bites you but does no damage.
The black bear misses you.
The black bear claws you but does no damage.
The orc warrior hits you from afar with a +0 trident!
You shoot an arrow.
The arrow closely misses the black bear.
The arrow closely misses the orc warrior.
The orc warrior hits you from afar with a +0 trident!
The black bear closely misses you.
The black bear claws you but does no damage.
The black bear claws you.
4615 ||| READING 2 scrolls of teleportation.
As you read the scroll of teleportation, it crumbles to dust.
You feel strangely unstable. The black bear bites you.
The black bear claws you but does no damage.
The black bear claws you.
The orc warrior hits you from afar with a +0 trident.
You die...

....##......!....#.#
# #.###..........#.#
#.............
####.#########
#.###### ######.####
### #......#
##...##....# ...#
######.#
##.....##...# .....
#####..
#.......#...#......
#....##
#.......'..@ho...$.
#.>..##
#.......#...#......
#....# ##.....##...#
..... #....#
##...###...# ...#
#....## ##### #...#
### #...... #...#
#....## #...#
#....## #...#
###+#<# #.#)#


You could see an orc warrior and a black bear.

Vanquished Creatures
  An ogre (D:5)
  A bullfrog (D:6)
  2 scorpions (D:5)
  2 hounds (D:5)
  A sleepcap (D:5)
  Robin (D:2)
  9 adders
  4 gnolls (D:6)
  A white imp (D:6)
  An ufetubus (D:3)
  A worm (D:3)
  2 dart slugs
  5 orcs
  9 ball pythons
  9 endoplasms
  11 giant cockroaches
  20 goblins
  9 hobgoblins
  6 jackals
  3 quokkas
  9 bats
  2 frilled lizards (D:1)
  8 kobolds
  5 rats
  A butterfly (D:3)
123 creatures vanquished.

Notes
Turn   | Place    | Note
-------+----------+-------------------------------------------
     0 | D:1      | qw the Gargoyle Hunter began the quest for the Orb.
     0 | D:1      | Reached XP level 1. HP: 12/12 MP: 1/1
     0 | D:1      | 0 ||| qw: Version: 0.3-a-76-g4403597
     0 | D:1      | 0 ||| qw: Game counter: 415
     0 | D:1      | 0 ||| qw: Melee chars always use a shield: true
     0 | D:1      | 0 ||| qw: God list: Okawaru
     0 | D:1      | 0 ||| qw: Allow faded altars: false
     0 | D:1      | 0 ||| qw: Do Orc after clearing Dungeon:15 true
     0 | D:1      | 0 ||| qw: Do second Lair branch before Depths: true
     0 | D:1      | 0 ||| qw: Lair rune preference: random
     0 | D:1      | 0 ||| qw: Goals: Normal
     0 | D:1      | 0 ||| PLANNING D:1-11
   121 | D:1      | Reached XP level 2. HP: 17/17 MP: 2/2
   425 | D:1      | Found a faded altar of an unknown god.
   834 | D:1      | 834 ||| UPGRADING to +0 ring mail.
   844 | D:1      | 844 ||| DROPPING +0 leather armour.
   845 | D:1      | 845 ||| READING scroll labelled WOYLOOBR XEANT.
   846 | D:1      | 846 ||| READING 2 scrolls labelled OMUBLIRACO.
   849 | D:1      | 849 ||| READING scroll labelled AWKEIFUSYM.
   850 | D:1      | 850 ||| DRINKING 2 blue potions.
   851 | D:1      | 851 ||| DROPPING scroll of butterflies.
   881 | D:2      | Reached XP level 3. HP: 21/21 MP: 3/3
   996 | D:2      | Reached skill level 1 in Armour
  1089 | D:2      | Reached skill level 5 in Ranged Weapons
  1203 | D:2      | 1203 ||| Stepping ~*~*~tactically~*~*~ (outnumbered).
  1205 | D:2      | 1205 ||| Stepping ~*~*~tactically~*~*~ (outnumbered).
  1207 | D:2      | 1207 ||| Stepping ~*~*~tactically~*~*~ (outnumbered).
  1218 | D:2      | Reached XP level 4. HP: 27/27 MP: 4/4
  1222 | D:2      | Noticed Robin
  1229 | D:2      | Killed Robin
  1230 | D:2      | Reached skill level 3 in Fighting
  1394 | D:2      | 1394 ||| FLEEEEING.
  1395 | D:2      | 1395 ||| FLEEEEING.
  1824 | D:2      | 1824 ||| UPGRADING to +0 helmet.
  1829 | D:2      | 1829 ||| READING scroll labelled BISMIU NASAPT.
  1830 | D:2      | 1830 ||| READING scroll labelled IMAMNO OMAONAM.
  1931 | D:2      | 1931 ||| READING scroll labelled SOBRA TOBYLI.
  1932 | D:2      | 1932 ||| DRINKING 2 dark potions.
  1933 | D:2      | 1933 ||| DRINKING potion of curing.
  1933 | D:2      | 1933 ||| (to cure confusion)
  1934 | D:2      | 1934 ||| READING 2 scrolls of identify.
  1934 | D:2      | 1934 ||| IDENTIFYING white potion
  1935 | D:2      | 1935 ||| DROPPING potion of ambrosia.
  1970 | D:3      | Found Deh Ach's Book Boutique.
  2187 | D:3      | Reached XP level 5. HP: 32/32 MP: 5/5
  2274 | D:3      | Found a shimmering altar of Xom.
  2506 | D:3      | You fall into a shaft and drop 1 floor!
  2617 | D:4      | 2617 ||| UPGRADING to amulet of guardian spirit.
  2622 | D:4      | 2622 ||| FLEEEEING.
  2624 | D:4      | 2624 ||| STAIRDANCE
  2652 | D:3      | Identified the +3 long sword "Waottoni" {heavy, rElec rF+
                  | Will+ Dex+4}
  2747 | D:3      | Found Coll's Distillery.
  2756 | D:3      | 2756 ||| BUYING potion of curing (36 gold).
  2756 | D:3      | Bought a potion of curing for 36 gold pieces
  2756 | D:3      | 2756 ||| BUYING potion of enlightenment (60 gold).
  2756 | D:3      | Bought a potion of enlightenment for 60 gold pieces
  2756 | D:3      | 2756 ||| SHOPLISTING potion of haste (120 gold, have 21).
  2756 | D:3      | 2756 ||| SHOPLISTING potion of might (48 gold, have 21).
  2756 | D:3      | 2756 ||| SHOPLISTING potion of mutation (96 gold, have 21).
  2756 | D:3      | 2756 ||| SHOPLISTING potion of resistance (120 gold, have
                  | 21).
  2964 | D:3      | 2964 ||| DRINKING 2 puce potions.
  2965 | D:3      | 2965 ||| DRINKING 2 bubbling puce potions.
  2988 | D:3      | 2988 ||| DRINKING 2 coppery potions.
  2989 | D:3      | 2989 ||| DROPPING potion of lignification.
  3043 | D:4      | Reached skill level 6 in Ranged Weapons
  3389 | D:4      | 3389 ||| DROPPING scarf of invisibility.
  3421 | D:5      | Entered Level 5 of the Dungeon
  3504 | D:5      | Reached XP level 6. HP: 39/39 MP: 6/6
  3699 | D:5      | Reached skill level 7 in Ranged Weapons
  3699 | D:5      | Reached XP level 7. HP: 29/44 MP: 3/7
  3843 | D:5      | Found a bloodstained altar of Trog.
  3949 | D:5      | Found a staircase to the Ecumenical Temple.
  3950 | D:5      | 3950 ||| PLANNING TEMPLE
  3950 | D:5      | 3950 ||| UPGRADING to ring of protection from fire.
  3951 | D:5      | 3951 ||| UPGRADING to ring of protection from fire.
  3952 | D:5      | 3952 ||| READING 2 scrolls of identify.
  3952 | D:5      | 3952 ||| IDENTIFYING glowing puce potion
  3961 | Temple   | Entered the Ecumenical Temple
  3962 | Temple   | 3962 ||| PLANNING OKAWARU WORSHIP
  3982 | Temple   | Became a worshipper of Warmaster Okawaru
  3983 | Temple   | 3983 ||| PLANNING D:1-11
  3983 | Temple   | 3983 ||| REMOVING amulet of guardian spirit.
  3988 | Temple   | 3988 ||| DROPPING amulet of guardian spirit.
  4186 | D:5      | 4186 ||| READING 2 scrolls of identify.
  4186 | D:5      | 4186 ||| IDENTIFYING lumpy pink potion
  4187 | D:5      | 4187 ||| DROPPING potion of degeneration.
  4385 | D:6      | Found an ornate altar of the Wu Jian Council.
  4387 | D:6      | Found a hide-covered altar of Uskayaw.
  4390 | D:6      | 4390 ||| Stepping ~*~*~tactically~*~*~ (outnumbered).
  4512 | D:6      | Noticed a +0 hand axe
  4512 | D:6      | Noticed a +0 dagger
  4614 | D:6      | HP: 7/44 [orc warrior/+0 trident (9)]
  4615 | D:6      | 4615 ||| READING 2 scrolls of teleportation.
  4615 | D:6      | HP: 2/44 [black bear (3)]
  4615 | D:6      | Slain by an orc warrior

Levels and vault maps discovered:
D:1:      sevenhm_arrival_forest_fort_small_3, layout_basic,
          basic_ecumenical_altar
D:2:      kennysheep_the_goblin_king, layout_basic, uniq_robin
D:3:      minmay_roachtagon, layout_loops_corners, xom_butterflies,
          serial_shops, shop_fountains, shop, small_statue_intersection
D:4:      layout_rooms, kennysheep_generic_room_13
D:5:      layout_gridville, lemuel_tele_altar, minmay_temple_entry_metal_lava
D:6:      kennysheep_six_static_rooms, layout_basic, old_standard_altar,
          dancing_weapons_uskayaw, chequers_garden, uniq_grinder
Temple:   hellmonk_temple_of_storms

Skill      XL: |  1  2  3  4  5  6 |
---------------+-------------------+-----
Armour         | 1 |  1.4
Ranged Weapons | 5 6 7 |  7.9
Fighting       | 3 4 |  4.3
Dodging        | |  1.5
Stealth        | |  1.1

Action                     |  1- 3 |  4- 6 |  7- 9 || total
---------------------------+-------+-------+-------++-------
   Fire: Shortbow          |   121 |   307 |    53 ||   481
    Use: Scroll            |     3 |     4 |     3 ||    10
         Potion            |     1 |     5 |       ||     6
 Armour: Leather armour    |    14 |       |       ||    14
         Ring mail         |    16 |   114 |    56 ||   186
  Dodge: Dodged            |    46 |   115 |    29 ||   190

Table legend:
 A = Non-vault XP
 B = Vault XP
 C = Vault XP percentage of total XP
 D = Non-vault monster count
 E = Vault monster count
 F = Vault count percentage of total count
                 A         B        C        D         E       F
            +---------+---------+-------+---------+---------+-------
      Total |     736 |     148 |  16.7 |      96 |      26 |  21.3
            +---------+---------+-------+---------+---------+-------
        D:1 |      32 |       0 |   0.0 |      20 |       0 |   0.0
        D:2 |      67 |      44 |  39.6 |      19 |      16 |  45.7
        D:3 |      56 |      16 |  22.2 |      22 |       8 |  26.7
        D:4 |      58 |       3 |   4.9 |      18 |       1 |   5.3
        D:5 |     440 |       0 |   0.0 |      10 |       0 |   0.0
        D:6 |      83 |      85 |  50.6 |       7 |       1 |  12.5
            +---------+---------+-------+---------+---------+-------
